Construct Infanterie Kompanie
Selects Breakthrough Battlegroup
Selects Assault Grenadiers
Selects Smoke Bombing Run
Construct Panzergrenadier Kompanie
Pak 40 Anti-tank Gun Team
Pak 40 Anti-tank Gun Team
Selects Mechanized Assault Group
Selects 2.5-tonne Cargo Truck
Construct Panzer Kompanie
Panzergrenadier Officer Quarters
Pak 40 Anti-tank Gun Team